Map: Lost and Found LE

Players

Neeb

  • Race: Protoss Protoss
  • Spawn Location: 7:00

Maru - Winner!

  • Race: Terran Terran
  • Spawn Location: 1:00

Event: 2018 WCS Global Finals

VOD

Have the link to the VOD?

Description

Time

  • Played on: Oct. 26, 2018, 3:40 p.m.
  • Length: 6:28

All games in this series

Show
View Real Time Build Order
Export as new Build Order

Neeb Protoss 

Build Orders: Oracle Opening 

Get SALT Encoding   

  12  0:00  Probe  
  13  0:12  Probe  
  14  0:17  Pylon  
  14  0:23  Probe  
  15  0:32  Probe  
  15  0:37  Gateway  
  15  0:40  Probe  
  16  0:46  Assimilator  
  17  0:50  Probe  
  18  0:59  Probe  
  19  1:05  Assimilator  
  19  1:07  Probe  
  20  1:11  Pylon  
  20  1:17  Probe  
  20  1:24  Cybernetics Core  
  21  1:29  Probe  
  21  1:32  Pylon  
  22  1:38  Zealot  
  24  1:42  Probe  
  25  1:56  Stalker  
  25  2:00  Stargate  
  25  2:05  Probe  
  27  2:19  Probe  
  29  2:31  Probe  
  30  2:43  Oracle  
  32  2:58  Nexus  
  31  3:01  Probe  
  32  3:10  Stalker  
  34  3:13  Probe  
  34  3:16  Warp Gate  
  34  3:19  Oracle  
  37  3:27  Probe  
  38  3:40  Probe  
  39  3:47  Pylon  
  39  3:52  Robotics Facility  
  39  4:05  Probe  
  40  4:10  Probe  
  40  4:11  Pylon  
  40  4:13  Stalker  
  43  4:17  Probe  
  43  4:22  Probe  
  45  4:27  Gateway  
  45  4:29  Probe  
  45  4:31  Immortal  
  46  4:34  Probe  
  47  4:39  Pylon  
  47  4:43  Probe  
  52  4:46  Probe  
  53  4:53  Pylon  
  53  4:55  Probe  
  53  4:58  Probe  
  55  5:01  Gateway  
  55  5:05  Observer  
  55  5:09  Gateway  
  55  5:10  Gateway  
  56  5:16  Gateway  
  56  5:29  Gateway  
  56  5:30  Gateway  
  54  5:37  Stalker x2  
  58  5:46  Warp Prism  
  58  5:51  Probe  
  57  6:00  Stalker  
  57  6:01  Stalker  
  57  6:03  Stalker  
  60  6:06  Pylon  
  56  6:16  Stalker x2  
  56  6:17  Stalker x2  
Show
View Real Time Build Order
Export as new Build Order

Maru Terran - Winner!

Build Orders:  

Get SALT Encoding   

  12  0:00  SCV  
  13  0:12  SCV  
  14  0:17  Supply Depot  
  14  0:25  SCV  
  15  0:39  SCV  
  15  0:40  Barracks  
  16  0:46  Refinery  
  16  0:51  SCV  
  16  0:55  Refinery  
  17  1:03  SCV  
  18  1:15  SCV  
  19  1:27  Reaper, Orbital Command  
  19  1:32  Supply Depot  
  20  1:44  Factory  
  20  1:53  SCV  
  21  2:00  Engineering Bay  
  21  2:05  SCV  
  21  2:17  SCV  
  22  2:28  Factory Reactor  
  22  2:29  SCV  
  23  2:32  Starport  
  23  2:42  Command Center, SCV  
  24  2:45  Supply Depot  
  24  2:54  SCV  
  25  3:05  Widow Mine x2  
  29  3:07  SCV  
  29  3:09  Viking  
  32  3:15  Supply Depot  
  32  3:28  SCV  
  32  3:29  Barracks Reactor  
  33  3:38  Cyclone  
  33  3:39  Cyclone  
  33  3:40  SCV  
  38  3:52  Medivac, SCV  
  38  3:55  Orbital Command  
  40  4:05  Marine x2  
  42  4:10  Orbital Command  
  42  4:12  Cyclone, SCV  
  46  4:18  Widow Mine  
  46  4:23  Marine  
  49  4:24  SCV  
  49  4:28  Viking  
  52  4:34  Engineering Bay  
  52  4:36  SCV  
  53  4:38  SCV  
  53  4:43  Marine x2  
  56  4:46  Widow Mine  
  56  4:50  Supply Depot  
  56  4:51  SCV  
  59  4:57  Widow Mine  
  59  4:58  SCV  
  59  4:59  Liberator  
  62  5:02  Missile Turret  
  62  5:12  Widow Mine, SCV x2  
  66  5:20  Marine, Bunker  
  70  5:24  SCV  
  70  5:34  Barracks  
  70  5:36  Supply Depot  
  70  5:46  SCV x2  
  70  5:48  Widow Mine x2  
  66  5:56  Barracks  
  66  5:58  SCV x2  
  66  6:01  Marine x2  
  70  6:10  SCV x2  
  78  6:22  Supply Depot  
Tags
 
Add a new tag
Caveats
  • Supply blocks, unpowered buildings, or Contaminate may cause inaccurate times.
  • Supply counts are checked every 10 seconds.